 Dungeon Crawl Stone Soup version 0.31-a0-435-g2c6fae2916 (webtiles) character file.

Game seed: 9358430984046451943

8022 CraigForest the Protected (level 11, 0/78 HPs)
             Began as a Formicid Fighter on Aug 1, 2023.
             Was a Believer of Hepliaklqana.
             Slain by a troll (4 damage)
             ... on level 10 of the Dungeon.
             The game lasted 00:30:41 (8568 turns).

CraigForest the Protected (Formicid Fighter)        Turns: 8568, Time: 00:30:42

Health: 0/78       AC: 18    Str: 26    XL:     11   Next: 48%
Magic:  11/11      EV: 23    Int: 12    God:    Hepliaklqana [**....]
Gold:   512        SH:  5    Dex: 13    Spells: 10/10 levels left

rFire   . . .        N - +4 flail of the Spinneret {speed, Fragile rElec Will+ Int+5}
rCold   . . .        c - +0 buckler
rNeg    + . .        R - +0 plate armour
rPois   .            (helmet unavailable)
rElec   +            q - +0 cloak
rCorr   .            U - +1 pair of gloves
SInv    +            (no boots)
Will    ++...        s - amulet of the acrobat Stlth
                     r - ring of positive energy
HPRegen 0.33/turn    (no ring)
MPRegen 0.12/turn

%: acrobat
@: mighty, acrobatic
A: reduced essence, permanent stasis, dig shafts and tunnels, antennae 3, four
strong arms
a: Dig, Shaft Self, Renounce Religion, Recall Ancestor, Ancestor Identity


You were on level 10 of the Dungeon.
You worshipped Hepliaklqana.
Hepliaklqana was pleased with you.
You visited 2 branches of the dungeon, and saw 11 of its levels.

You collected 512 gold pieces.

Inventory:

Hand Weapons
 o - a +1 hammer of protection
 p - a +3 quarterstaff of chaos
 F - a +0 giant spiked club
 N - the +4 flail of the Spinneret (weapon) {speed, Fragile rElec Will+ Int+5}
   (You found it on level 7 of the Dungeon)

   Int:       It affects your intelligence (+5).
   rElec:     It insulates you from electricity.
   Fragile:   It will be destroyed if unequipped.
   Will:      It increases your willpower.
 O - a +6 great sword
 V - a +1 war axe of freezing
Missiles
 g - 3 javelins
 k - 36 poisoned darts
 u - 7 throwing nets
Armour
 b - a +0 scale mail
 c - a +0 buckler (worn)
 q - a +0 cloak (worn)
 w - +0 steam dragon scales
 R - a +0 plate armour (worn)
 U - a +1 pair of gloves (worn)
Magical Staves
 E - a staff of fire
Jewellery
 r - a ring of positive energy (left hand)
 s - an amulet of the acrobat (around neck)
Talismans
 C - a beast talisman
 G - a blade talisman
Wands
 e - a wand of polymorph (10)
 x - a wand of roots (22)
 y - a wand of quicksilver (16)
 J - a wand of flame (26) (quivered)
 Q - a wand of digging (2)
 S - a wand of mindburst (8)
Scrolls
 h - a scroll of noise {unknown}
 j - 2 scrolls of fear {unknown}
 v - 2 scrolls of fog
 A - 2 scrolls of enchant weapon {unknown}
 B - a scroll of brand weapon {unknown}
 D - 3 scrolls of amnesia {unknown}
 I - a scroll of silence {unknown}
 K - a scroll of poison {unknown}
 L - a scroll of blinking {unknown}
 M - a scroll of summoning {unknown}
 P - 3 scrolls of identify
Potions
 f - 3 potions of enlightenment
 i - a potion of magic {unknown}
 l - 2 potions of curing
 m - a potion of cancellation
 t - 3 potions of lignification
 z - a potion of degeneration {unknown}
 H - 2 potions of ambrosia
 T - a potion of brilliance {unknown}


   Skills:
 + Level 8.4 Fighting
 + Level 2.8(6.2) Axes
 + Level 8.7(10.5) Maces & Flails
 + Level 8.7(10.3) Staves
 + Level 9.5 Armour
 + Level 3.4 Dodging
 - Level 5.0 Shields


You had 10 spell levels left.
You didn't know any spells.
Your spell library contained the following spells:

 Spells                   Type           Power      Damage    Failure   Level
 Magic Dart               Conj           0%         1d3       98%         1
 Sublimation of Blood     Necr           0%         N/A       99%         2
 Wereblood                Tmut           0%         N/A       99%         2
 Dazzling Flash           Conj/Hex       0%         N/A       100%        3
 Hailstorm                Conj/Ice       0%         3d3       100%        3
 Inner Flame              Hex/Fire       0%         N/A       100%        3
 Anguish                  Hex/Necr       0%         N/A       100%        4
 Animate Dead             Necr           0%         N/A       100%        4
 Flame Wave               Conj/Fire      0%         2d4       100%        4
 Sticky Flame             Conj/Fire      0%         2d3       100%        4
 Agony                    Necr           0%         N/A       100%        5
 Borgnjor's Vile Clutch   Necr/Erth      0%         N/A       100%        5
 Silence                  Hex/Air        0%         N/A       100%        5
 Death Channel            Necr           0%         N/A       100%        6
 Summon Hydra             Summ           0%         N/A       100%        7


Dungeon Overview and Level Annotations

Branches:
Dungeon (10/15)            Temple (1/1) D:6            Lair (0/5) D:9
    Orc: D:9-12

Altars:
Ashenzari
Cheibriados
Dithmenos
Elyvilon
Fedhas
Gozag
Hepliaklqana
Kikubaaqudgha
Makhleb
Nemelex Xobeh
Okawaru
Qazlal
Ru
Sif Muna
Trog
Uskayaw
Vehumet
Wu Jian
Xom
Yredelemnul
Zin
The Shining One

Shops:
D:1 (   D:2 =   D:3 (

Annotations:
D:10 Lodul


Innate Abilities, Weirdness & Mutations

Your life essence is reduced to manifest your ancestor. (-10% HP)
You cannot be hasted, slowed, berserked, paralysed or teleported.
You can dig through walls and to a lower floor.
You have a pair of large antennae on your head. (SInv)
Your four strong arms can wield two-handed weapons with a shield.


Message History

Electricity crackles from Lodul's apparatus.
The bolt of lightning hits you. You resist.
* * * LOW HITPOINT WARNING * * *
The ogre hits Click Papa with a +0 giant spiked club!!!
Click Papa is destroyed!
Electricity crackles from Lodul's apparatus.
The bolt of lightning misses you.
You're too confused to move!
You feel less invigorated.
You feel less confused.
There is an open door here.
You feel very mighty all of a sudden. The troll bites you.
* * * LOW HITPOINT WARNING * * *
The troll closely misses you. The troll claws you but does no damage.
You thump the troll!
The troll is moderately wounded.
The troll bites you but does no damage. You block the troll's attack.
The troll claws you.
* * * LOW HITPOINT WARNING * * *
You hit the troll but do no damage.
The troll is moderately wounded.
You barely miss the troll.
The troll is moderately wounded.
The troll bites you.
* * * LOW HITPOINT WARNING * * *
The troll claws you.
* * * LOW HITPOINT WARNING * * *
The troll completely misses you.
Electricity crackles from Lodul's apparatus.
The bolt of lightning hits you! You resist.
* * * LOW HITPOINT WARNING * * *
The troll attacks as you move away! The troll bites you but does no damage.
The troll misses you. The troll completely misses you.
There is an open door here.
The troll attacks as you move away! The troll misses you.
You block the troll's attack. The troll misses you.
You see here a +0 leather armour.
The troll attacks as you move away! You block the troll's attack.
The troll closely misses you. The troll claws you.
You die...

####........# ##.#####
###O###### #..# #{.#
##.# ##O# #.# #{#
###'#### #O# #.......
#O## #....... #.T###
#....... ##.@.#
###.......
#######.######.'.......
...............#.......
#######.#############'#
#.# .# #.. # ##+ {


You could see a troll and 2 ogres.

Vanquished Creatures
  Nergalle (D:10)
  A troll (D:10)
  Grinder (D:3)
  A hornet (D:9)
  A wyvern (D:9)
  A wraith (D:10)
  8 yaks (D:9)
  2 steam dragons (D:8)
  2 acid dragons
  A water moccasin (D:8)
  3 sky beasts
  An ice beast (D:7)
  2 orc warriors (D:9)
  A black bear (D:9)
  3 centaurs
  6 ogres
  4 phantoms
  2 kobold brigands
  4 bullfrogs
  A gnoll sergeant (D:10)
  5 scorpions
  5 wights (D:8)
  An electric eel (D:8)
  4 howler monkeys
  3 hounds
  2 jellies
  Crazy Yiuf (D:2)
  2 orc priests (D:8)
  Jessica (D:3)
  2 iguanas
  A hexer (D:9)
  3 sleepcaps
  Ijyb (D:5)
  6 orc wizards
  9 gnolls
  6 adders
  A white imp (D:6)
  An ufetubus (D:3)
  A worm (D:3)
  3 dart slugs
  24 orcs
  11 ball pythons
  5 endoplasms
  2 giant cockroaches
  5 goblins
  5 hobgoblins
  6 jackals
  4 quokkas
  8 bats
  3 frilled lizards
  15 kobolds
  7 rats
199 creatures vanquished.

Vanquished Creatures (collateral kills)
  A manticore (D:10)
  A troll (D:9)
  3 yaks (D:9)
  An ogre (D:10)
  An electric eel (D:8)
  A hound (D:7)
8 creatures vanquished.

Vanquished Creatures (others)
  A kobold brigand (D:8)
  A hexer (D:10)
  2 ancestors (D:8)
  A bat zombie (D:3)
5 creatures vanquished.

Grand Total: 212 creatures vanquished

Notes
Turn   | Place    | Note
-------+----------+-------------------------------------------
     0 | D:1      | CraigForest the Formicid Fighter began the quest for the
                  | Orb.
     0 | D:1      | Reached XP level 1. HP: 18/18 MP: 1/1
   129 | D:1      | Reached XP level 2. HP: 24/24 MP: 2/2
   144 | D:1      | Found Ehichein's Weapon Boutique.
   778 | D:2      | Found a runed translucent door.
   779 | D:2      | Noticed Crazy Yiuf
   789 | D:2      | Killed Crazy Yiuf
   790 | D:2      | Reached XP level 3. HP: 18/30 MP: 3/3
   790 | D:2      | Reached XP level 4. HP: 22/37 MP: 4/4
   888 | D:2      | Found Wajatom's Jewellery Shop.
  1308 | D:3      | Reached skill level 4 in Armour
  1310 | D:3      | Noticed Jessica
  1319 | D:3      | Killed Jessica
  1320 | D:3      | Reached skill level 1 in Staves
  1320 | D:3      | Reached XP level 5. HP: 42/42 MP: 5/5
  1358 | D:3      | Reached skill level 1 in Maces & Flails
  1485 | D:3      | Found Kappowi's Antique Weapon Emporium.
  1505 | D:3      | Found a white marble altar of Elyvilon.
  1593 | D:3      | Noticed Grinder
  1606 | D:3      | Killed Grinder
  1607 | D:3      | Reached XP level 6. HP: 44/49 MP: 6/6
  1607 | D:3      | Reached XP level 7. HP: 49/55 MP: 7/7
  1971 | D:4      | Found a sacrificial altar of Ru.
  2388 | D:4      | Found a sparkling altar of Nemelex Xobeh.
  2579 | D:4      | Reached skill level 5 in Shields
  2678 | D:4      | Reached skill level 5 in Staves
  2678 | D:4      | Reached skill level 5 in Armour
  2693 | D:4      | Reached XP level 8. HP: 44/61 MP: 8/8
  3162 | D:5      | Entered Level 5 of the Dungeon
  3181 | D:5      | Reached skill level 5 in Fighting
  3246 | D:5      | Noticed Ijyb
  3260 | D:5      | Killed Ijyb
  3261 | D:5      | Reached skill level 1 in Dodging
  4061 | D:6      | Found a staircase to the Ecumenical Temple.
  4108 | Temple   | Entered the Ecumenical Temple
  4187 | Temple   | Became a worshipper of Hepliaklqana the Forgotten
  4402 | D:6      | Found a burning altar of Makhleb.
  4450 | D:6      | Found an opulent altar of Gozag.
  4471 | D:6      | Found an ornate altar of the Wu Jian Council.
  4543 | D:6      | Found a shimmering blue altar of Sif Muna.
  4543 | D:6      | Found an ancient bone altar of Kikubaaqudgha.
  4545 | D:6      | Found a radiant altar of Vehumet.
  4550 | D:6      | Got Vehumet's Quarto of Arcane Combat
  4615 | D:6      | Found a glowing silver altar of Zin.
  4722 | D:6      | Reached skill level 6 in Armour
  4722 | D:6      | Reached XP level 9. HP: 68/68 MP: 9/9
  5100 | D:7      | Reached * piety under Hepliaklqana
  5368 | D:7      | Reached skill level 7 in Armour
  5620 | D:7      | Identified the +4 flail of the Spinneret {speed, Fragile
                  | rElec Will+ Int+5}
  5771 | D:7      | Found a shadowy altar of Dithmenos.
  5841 | D:6      | Found a hide-covered altar of Uskayaw.
  5841 | D:6      | Found a snail-covered altar of Cheibriados.
  6106 | D:8      | Found a shimmering altar of Xom.
  6243 | D:8      | Reached XP level 10. HP: 16/69 MP: 10/10
  6681 | D:8      | Reached skill level 8 in Armour
  6926 | D:9      | Reached ** piety under Hepliaklqana
  6927 | D:9      | Remembered your ancestor Click Papa as a hexer
  6940 | D:9      | Got the Textbook on Puissant Dark Spells
  7073 | D:9      | Reached skill level 5 in Maces & Flails
  7277 | D:9      | Found a staircase to the Lair.
  7588 | D:9      | Found a blossoming altar of Fedhas.
  7692 | D:9      | Reached XP level 11. HP: 33/75 MP: 11/11
  7937 | D:9      | Reached skill level 9 in Armour
  8183 | D:9      | Found a broken altar of Ashenzari.
  8308 | D:10     | Entered Level 10 of the Dungeon
  8308 | D:10     | Noticed Nergalle
  8324 | D:10     | Killed Nergalle
  8500 | D:10     | Noticed a manticore
  8508 | D:10     | Killed a manticore
  8547 | D:10     | Noticed Lodul
  8558 | D:10     | HP: 1/78 [Lodul/bolt of lightning (7)]
  8568 | D:10     | Slain by a troll

Illustrated notes

Levels and vault maps discovered:
D:1:      mushboom_english_gardens, layout_basic, serial_shops, shop,
          minmay_rat_gold_closets
D:2:      layout_rooms, serial_shops, shop, uniq_crazy_yiuf_cottage
D:3:      layout_rooms, elyvilon_altar_5, serial_shops, shop, uniq_jessica,
          uniq_grinder
D:4:      layout_basic, nicolae_ru_awakened_eye,
          nemelex_xobeh_ov_fountains_minmay, nzn_random_ring
D:5:      layout_basic, uniq_ijyb
D:6:      minmay_bubble_buster, layout_basic,
          grunt_temple_overflow_magic_moments, lemuel_coloured_pillars_altar,
          lemuel_round_altar, zin_academy, nicolae_overflow_hidden_temple,
          lightli_temple_of_fire, minmay_temple_entry_trees, serial_glass,
          glass_columns_b, glass_columns_b, minmay_misc_feat_roman
D:7:      layout_basic, mainiacjoe_overflow_alcove_1
D:8:      wad_lake_hut, layout_cave_pools, xom_teletrap_fun,
          hangedman_minor_gate_pass
D:9:      layout_long_grid, fedhas_altar_2, ashenzari_altar_1,
          grunt_lair_entry_orc_guard_hut, grunt_decor_resistance
D:10:     layout_roguey, minmay_unpleasant_kobolds, uniq_nergalle, uniq_lodul
Temple:   hellmonk_temple_beads

Skill      XL: |  1  2  3  4  5  6  7  8  9 10 11 |
---------------+----------------------------------+-----
Fighting       | 4 5 6 7 8 |  8.4
Armour         | 4 5 6 7 8 9 |  9.5
Staves         | 1 3 5 7 8 |  8.7
Maces & Flails | 1 2 6 8 |  8.7
Shields        | 5 |  5.0
Dodging        | 1 2 3 |  3.4
Axes           | |  2.8

Action                     |  1- 3 |  4- 6 |  7- 9 | 10-12 || total
---------------------------+-------+-------+-------+-------++-------
  Melee: War axe           |    35 |       |       |       ||    35
         Mace              |    22 |       |       |       ||    22
         Quarterstaff      |       |    81 |   241 |       ||   322
         Flail             |       |       |    57 |   227 ||   284
 Invoke: Ancestor Identity |       |       |     1 |       ||     1
         Ancestor Life: He |       |       |       |     1 ||     1
Ability: Dig               |       |       |     1 |     1 ||     2
    Use: Scroll            |       |       |    10 |     1 ||    11
         Potion            |       |       |     3 |     5 ||     8
   Stab: Paralysed         |       |     5 |       |       ||     5
         Distracted        |       |       |     1 |     3 ||     4
         Confused          |       |       |       |     5 ||     5
 Armour: Scale mail        |    30 |    35 |    82 |    22 ||   169
         Skin              |       |       |    39 |       ||    39
         Plate armour      |       |       |       |    38 ||    38
  Dodge: Dodged            |    24 |    64 |   132 |    90 ||   310
  Block: Buckler           |    14 |    14 |    67 |    37 ||   132

Table legend: (Time is in decaauts)
 A = Elapsed time spent in this place.
 B = Non-inter-level travel time spent in this place.
 C = Inter-level travel time spent in this place.
 D = Time resting spent in this place.
 E = Time spent auto-exploring this place.
 F = Levels seen in this place.
 G = Mean time per level.
                   A        B        C        D        E       F      G
               +--------+--------+--------+--------+--------+-----+--------+
         Total |   8571 |   8260 |    311 |    690 |   5548 |  11 |  779.2 |
       Dungeon |   8448 |   8180 |    268 |    690 |   5548 |  10 |  844.8 |
        Temple |    122 |     79 |     43 |      0 |      0 |   1 |  122.0 |
               +--------+--------+--------+--------+--------+-----+--------+

Top non-repeatable levels by time:
     D:9: 1350 daAuts
     D:4: 1347 daAuts
     D:8: 1064 daAuts
     D:6: 989 daAuts
     D:7: 808 daAuts
     D:1: 781 daAuts
     D:5: 777 daAuts
     D:3: 551 daAuts
     D:2: 542 daAuts
    D:10: 233 daAuts
  Temple: 122 daAuts
